 Dungeon Crawl Stone Soup version 0.28-a0-1510-gd0f6b136d3 (webtiles) character file.

Game seed: 6491969369221719203

1339 shadowrider38 the Bolt Thrower (level 8, 0/49 HPs)
             Began as a Kobold Hunter on Jan 14, 2022.
             Slain by an orc wizard (3 damage)
             ... on level 6 of the Dungeon.
             The game lasted 00:22:47 (9573 turns).

shadowrider38 the Bolt Thrower (Kobold Hunter)      Turns: 9573, Time: 00:22:47

Health: 0/49       AC:  6    Str: 10    XL:     8   Next: 93%
Magic:  11/11      EV: 16    Int: 12    God:
Gold:   168        SH:  0    Dex: 17    Spells: 8/11 levels left

rFire   . . .      SeeInvis .   a - +0 rapier
rCold   . . .      Faith    .   (no shield)
rNeg    . . .      Spirit   .   c - +0 leather armour
rPois   +          Reflect  .   m - +1 hat
rElec   .          Harm     .   t - +0 cloak
rCorr   .          Rampage  .   x - +0 pair of gloves
Will    +....                   (no boots)
Stlth   +++.......              (no amulet)
HPRegen 0.16/turn               o - ring of willpower
MPRegen 0.12/turn               D - ring of poison resistance

@: lethally poisoned (0 -> -3)
A: small, no large weapons, nightstalker 3
a: no special abilities


You were on level 6 of the Dungeon.
You visited 1 branch of the dungeon, and saw 6 of its levels.

You collected 243 gold pieces.
You spent 75 gold pieces at shops.

Inventory:

Hand Weapons
 a - a +0 rapier (weapon)
 b - a +2 hand crossbow
 A - a +2 dagger of speed
Missiles
 d - 112 bolts
 j - 2 boomerangs (quivered)
Armour
 c - a +0 leather armour (worn)
 m - a +1 hat (worn)
 s - a +0 plate armour
 t - a +0 cloak (worn)
 x - a +0 pair of gloves (worn)
 y - a +0 leather armour
 C - a +0 helmet
Jewellery
 o - a ring of willpower (left hand)
 D - a ring of poison resistance (right hand)
Wands
 r - a wand of paralysis (8)
Scrolls
 f - 2 scrolls of teleportation
 g - 2 scrolls of fear {unknown}
 l - a scroll of fog {unknown}
 n - a scroll of enchant weapon
 q - 2 scrolls of identify {unknown}
 w - a scroll of magic mapping {unknown}
 z - a scroll of blinking
 B - a scroll of brand weapon {unknown}
 E - a scroll of enchant armour {unknown}
Potions
 e - a potion of lignification {unknown}
 h - 3 potions of curing
 i - a potion of attraction {unknown}
 k - a potion of flight {unknown}
 p - 2 potions of haste {unknown}
 u - 3 potions of ambrosia {unknown}
 v - 2 potions of might {unknown}


   Skills:
 - Level 5.0 Fighting
 + Level 7.5 Crossbows
 - Level 5.0 Dodging
 - Level 4.0 Stealth
 - Level 2.0 Spellcasting
 - Level 6.0 Necromancy


You had 8 spell levels left.
You knew the following spells:

 Your Spells              Type           Power      Damage    Failure   Level
a - Vampiric Draining     Necr           15%        2d7       10%         3

Your spell library contained the following spells:

 Spells                   Type           Power      Damage    Failure   Level
 Animate Skeleton         Necr           30%        N/A       3%          1
 Pain                     Necr           60%        1d7       3%          1
 Call Canine Familiar     Summ           1%         N/A       73%         3
 Portal Projectile        Hex/Tloc       2%         N/A       73%         3
 Leda's Liquefaction      Hex/Erth       0%         N/A       98%         4


Dungeon Overview and Level Annotations

Branches:
Dungeon (6/15)             Temple (0/1) D:6

Altars:

Shops:
D:4 !?(*   D:6 (:

Annotations:
D:3 exclusion: ice beast
D:4 Edmund
D:5 exclusion: lemure, Menkaure, Pikel


Innate Abilities, Weirdness & Mutations

You are small and have problems with some larger weapons.
You are completely attuned to the shadows.


Message History

You feel sick.
You are no longer poisoned.
The orc completely misses you.
You closely miss the orc. The orc hits you with a +0 whip. Something hits you.
You miss something. The orc closely misses you.
Something hits you but does no damage.
You are poisoned.
You barely miss something.
You feel very sick. The orc barely misses you. Something barely misses you.
You miss something.
You feel sick. The orc closely misses you. Something hits you.
* * * LOW HITPOINT WARNING * * *
The orc completely misses you.
You closely miss something.
* * * LOW HITPOINT WARNING * * *
You feel sick. Something hits you.
* * * LOW HITPOINT WARNING * * *
The orc hits you but does no damage. Something hits you but does no damage.
You hit something.
* * * LOW HITPOINT WARNING * * *
You feel sick. The orc closely misses you.
You hear some strange, mumbled words.
Something tries to affect you, but you resist.
It was a potion of curing.
You feel better. The orc closely misses you.
You hear some strange, mumbled words.
Something tries to affect you, but you resist.
You hit something. The orc closely misses you. Something barely misses you.
You barely miss something. The orc completely misses you.
You hear some strange, mumbled words.
A puff of flame appears from out of thin air!
The puff of flame misses you.
You closely miss something. The orc completely misses you.
Something hits you but does no damage.
You are poisoned.
The orc barely misses you.
You miss something.
You feel sick. Something hits you.
* * * LOW HITPOINT WARNING * * *
The orc misses you. Something hits you.
You die...

###.##.#
#####....#.#
##.....##.#.#
#..#.#.##.#.##+## #
#......##.#.#...#
####..#.#.##...#...#
..........###.[#...#
.........## #.>{o..#
.........# ####@..#
......... #...#
......... #...#
......... #####
...... .....


You could see an orc.

Vanquished Creatures
  Grinder (D:4)
  A water moccasin (D:5)
  Duvessa (D:4)
  A sky beast (D:3)
  2 ogres (D:4)
  A lemure (D:5)
  Blork the orc (D:4)
  A scorpion (D:5)
  Dowan (D:4)
  3 hounds (D:5)
  2 jellies (D:5)
  An orc priest (D:4)
  2 bullfrog skeletons (D:6)
  Natasha (thrice) (D:4)
  2 orc wizards
  7 adders
  A worm (D:2)
  2 dart slugs (D:1)
  7 orcs
  13 endoplasms
  2 giant cockroaches (D:1)
  9 goblins
  7 hobgoblins
  4 jackals (D:1)
  2 kobolds (D:1)
  4 quokkas
  6 ball pythons
  3 bats
  4 frilled lizards
  14 rats
108 creatures vanquished.

Vanquished Creatures (others)
  2 plants (D:4)
2 creatures vanquished.

Grand Total: 110 creatures vanquished

Notes
Turn   | Place    | Note
-------+----------+-------------------------------------------
     0 | D:1      | shadowrider38 the Kobold Hunter began the quest for the
                  | Orb.
     0 | D:1      | Reached XP level 1. HP: 12/12 MP: 1/1
    89 | D:1      | Reached skill level 5 in Crossbows
   117 | D:1      | Reached XP level 2. HP: 17/17 MP: 2/2
   521 | D:1      | Reached XP level 3. HP: 22/22 MP: 3/3
  1545 | D:1      | Reached XP level 4. HP: 28/28 MP: 4/4
  2231 | D:2      | Found a faded altar of an unknown god.
  2308 | D:2      | HP: 1/28 [poisoned by an adder]
  3100 | D:3      | Noticed an ice beast
  3119 | D:3      | Reached XP level 5. HP: 32/32 MP: 5/5
  3628 | D:3      | Noticed a sky beast
  3652 | D:3      | Killed a sky beast
  3653 | D:3      | Reached skill level 5 in Dodging
  3653 | D:3      | Reached XP level 6. HP: 21/38 MP: 6/6
  4470 | D:4      | Noticed Natasha
  4475 | D:4      | Killed Natasha
  4549 | D:4      | Learned a level 3 spell: Vampiric Draining
  4562 | D:4      | Found Xemasip's Magic Scroll Shoppe.
  4575 | D:4      | Noticed Blork the orc
  4586 | D:4      | Killed Blork the orc
  4587 | D:4      | Reached skill level 5 in Fighting
  4787 | D:4      | Noticed Edmund
  4797 | D:4      | Found Fiycir's Distillery.
  4812 | D:4      | Noticed Grinder
  4816 | D:4      | Killed Grinder
  4817 | D:4      | Reached XP level 7. HP: 44/44 MP: 7/7
  4867 | D:4      | Found Taaf's Antique Weapon Shoppe.
  4917 | D:4      | Noticed Natasha
  4978 | D:4      | Found Unuulata's General Store.
  4983 | D:4      | Bought a scroll of blinking for 75 gold pieces
  5106 | D:4      | Killed Natasha
  5325 | D:4      | Noticed Natasha
  5345 | D:4      | Killed Natasha
  5757 | D:4      | Reached skill level 1 in Spellcasting
  5965 | D:5      | Entered Level 5 of the Dungeon
  6256 | D:5      | Noticed Duvessa
  6256 | D:5      | Noticed Dowan
  6256 | D:5      | Noticed Menkaure
  6318 | D:5      | Noticed a water moccasin
  6330 | D:5      | Killed a water moccasin
  6331 | D:5      | Reached skill level 5 in Necromancy
  6331 | D:5      | Reached XP level 8. HP: 44/49 MP: 10/10
  6609 | D:4      | Killed Duvessa
  6753 | D:4      | Killed Dowan
  6954 | D:5      | Noticed Pikel
  8356 | D:5      | Reached skill level 6 in Crossbows
  8849 | D:4      | Reached skill level 7 in Crossbows
  9129 | D:6      | Found Ivokhod's Weapon Boutique.
  9162 | D:6      | Found Caqic's Book Shoppe.
  9179 | D:6      | Noticed a two-headed ogre
  9352 | D:6      | Found a staircase to the Ecumenical Temple.
  9568 | D:6      | HP: 2/49 [poisoned by an orc wizard]
  9573 | D:6      | Slain by an orc wizard

Illustrated notes

Levels and vault maps discovered:
D:1:      onia_arrival_handbag, layout_loops_ring
D:2:      layout_basic, shapermc_ecumenical_altar_ellora
D:3:      layout_rooms
D:4:      layout_loops_ring, serial_shops, nicolae_shop_trees,
          nicolae_shop_crystal, nicolae_stop_n_shop_2, nicolae_shop_trees,
          serial_bayou_pond_e, chequers_serial_rivers_micro_b,
          guppyfry_early_lair_pool, uniq_blork_the_orc, uniq_natasha,
          uniq_grinder, uniq_edmund
D:5:      layout_loops_ring, kennysheep_generic_room_11, uniq_duvessa,
          uniq_pikel, uniq_menkaure
D:6:      layout_basic, minmay_temple_entry_drinking_statues, serial_glass,
          glass_columns_a, glass_columns_a, serial_shops,
          nicolae_shop_bloodbath_and_beyond, nicolae_stop_n_shop_2, shop,
          minmay_misc_feat_columns

Skill      XL: |  1  2  3  4  5  6  7  8 |
---------------+-------------------------+-----
Stealth        | 2 3 4 |  4.0
Crossbows      | 5 7 |  7.5
Dodging        | 3 4 5 |  5.0
Fighting       | 3 4 5 |  5.0
Necromancy     | 3 5 6 |  6.0
Spellcasting   | 1 2 |  2.0

Action                   |  1- 3 |  4- 6 |  7- 9 || total
-------------------------+-------+-------+-------++-------
Melee: Short sword       |   121 |    59 |       ||   180
       Punch             |     1 |     3 |     5 ||     9
       Dagger            |       |    50 |    60 ||   110
       Hand crossbow     |       |     1 |       ||     1
       Rapier            |       |       |   146 ||   146
 Fire: Hand crossbow     |     1 |    25 |    35 ||    61
Evoke: Wand              |       |     1 |       ||     1
  Use: Scroll            |       |     1 |     1 ||     2
       Potion            |       |       |     1 ||     1
 Stab: Sleeping          |    18 |    21 |     8 ||    47
       Paralysed         |       |     3 |       ||     3
Armor: Leather armour    |    18 |    22 |    49 ||    89
Dodge: Dodged            |    73 |    64 |   177 ||   314

Table legend: (Time is in decaauts)
 A = Elapsed time spent in this place.
 B = Non-inter-level travel time spent in this place.
 C = Inter-level travel time spent in this place.
 D = Time resting spent in this place.
 E = Time spent auto-exploring this place.
 F = Levels seen in this place.
 G = Mean time per level.
                   A        B        C        D        E       F      G
               +--------+--------+--------+--------+--------+-----+--------+
         Total |   9597 |   9235 |    362 |   3931 |   3500 |   6 | 1599.5 |
       Dungeon |   9597 |   9235 |    362 |   3931 |   3500 |   6 | 1599.5 |
               +--------+--------+--------+--------+--------+-----+--------+

Top non-repeatable levels by time:
     D:4: 2651 daAuts
     D:5: 2185 daAuts
     D:1: 1567 daAuts
     D:2: 1408 daAuts
     D:3: 1356 daAuts
     D:6: 427 daAuts
